 Dungeon Crawl Stone Soup version 0.21-a0-474-g05767a10c8 (console) character file.

20868 Gottschkopf the Nimble (level 12, -10/97 HPs)
             Began as a Purple Draconian Transmuter on Nov 22, 2017.
             Was an Elder of Sif Muna.
             Mangled by a blink frog (17 damage)
             ... on level 1 of the Lair of Beasts.
             The game lasted 01:00:05 (14854 turns).

Gottschkopf the Nimble (DrTm)                      Turns: 14854, Time: 01:00:06

Health: -10/97     AC:  8    Str: 12    XL:     12   Next: 49%
Magic:  20/21      EV: 20    Int: 17    God:    Sif Muna [****..]
Gold:   766        SH:  0    Dex: 14    Spells: 8/24 levels left

rFire    + . .     SeeInvis +     - Unarmed
rCold    x . .     Gourm    .   (shield currently unavailable)
rNeg     + . .     Faith    .   (armour unavailable)
rPois    .         Spirit   .   F - +0 hat
rElec    +         Reflect  .   (no cloak)
rCorr    .         Harm     .   (gloves currently unavailable)
MR       +....     Clarity  +   (no boots)
Stlth    ++........             (no amulet)
HPRegen  0.26/turn              K - ring of positive energy
MPRegen  0.17/turn              v - ring "Rualimuo" {Fire rElec SInv Stlth+}

@: blade hands (expiring)
A: breathe power, unfitting armour, horns 2, clarity, cold-blooded, AC +8
a: Breathe Dispelling Energy, End Transformation, Divine Energy, Channel Magic,
Forget Spell, Renounce Religion


You were on level 1 of the Lair of Beasts.
You worshipped Sif Muna.
Sif Muna was greatly pleased with you.
You were not hungry.
You had blades for hands.
You visited 3 branches of the dungeon, and saw 15 of its levels.

You collected 766 gold pieces.

Inventory:

Missiles
 a - 220 arrows (quivered)
Armour
 i - a +1 pair of gloves (melded)
 F - a +0 hat (worn)
Magical Staves
 k - an uncursed staff of air
Jewellery
 e - an uncursed amulet of harm
 m - an uncursed ring of magical power
 q - an uncursed ring of ice
 v - the ring "Rualimuo" (right scythe-like blade) {Fire rElec SInv Stlth+}
   (You found it on level 9 of the Dungeon)

   [ring of fire]

   It enhances your fire magic.
   It protects you from fire.
   It makes you vulnerable to cold.
   It insulates you from electricity.
   It lets you see invisible.
   It makes you more stealthy.
 C - an uncursed ring of ice
 J - an uncursed ring of loudness
 K - a ring of positive energy (left scythe-like blade)
 N - a +3 ring of strength
Wands
 p - a wand of iceblast (28)
 r - a wand of enslavement (17)
 w - a wand of paralysis (32)
 y - a wand of flame (14)
 z - a wand of acid (7)
Scrolls
 g - 3 scrolls of teleportation
 h - a scroll of identify
 o - 3 scrolls of fog
 u - 4 scrolls of magic mapping
 x - 5 scrolls of remove curse
 G - 2 scrolls of enchant weapon
 H - a scroll of brand weapon {unknown}
Potions
 d - a potion of lignification {unknown}
 f - a potion of curing
 n - 2 potions of brilliance
 s - a potion of cancellation {unknown}
 t - 2 potions of haste
 A - a potion of agility
 D - 2 potions of mutation
 M - 2 potions of heal wounds
Books
 b - a book of Changes

   Spells                             Type                      Level
   a - Beastly Appendage              Transmutation                1
   b - Sticks to Snakes               Transmutation                2
   c - Spider Form                    Transmutation/Poison         3
   d - Ice Form                       Ice/Transmutation            4
   e - Blade Hands                    Transmutation                5
 c - a book of Necromancy

   Spells                             Type                      Level
   a - Pain                           Necromancy                   1
   b - Animate Skeleton               Necromancy                   1
   c - Vampiric Draining              Necromancy                   3
   d - Regeneration                   Charms/Necromancy            3
   e - Animate Dead                   Necromancy                   4
   f - Control Undead                 Necromancy                   4
 I - a book of Minor Magic

   Spells                             Type                      Level
   a - Magic Dart                     Conjuration                  1
   b - Blink                          Translocation                2
   c - Call Imp                       Summoning                    2
   d - Slow                           Hexes                        2
   e - Conjure Flame                  Conjuration/Fire             3
   f - Mephitic Cloud                 Conjuration/Poison/Air       3
Comestibles
 j - 14 fruits
 l - 8 meat rations
 B - 5 bread rations
 E - 3 royal jellies


   Skills:
 - Level 6.3 Fighting
 * Level 11.6 Dodging
 - Level 10.0 Unarmed Combat
 - Level 6.6 Spellcasting
 - Level 4.3 Charms
 - Level 2.5 Necromancy
 + Level 10.3 Transmutations
 - Level 2.1 Poison Magic


You had 8 spell levels left.
You knew the following spells:

 Your Spells              Type           Power        Failure   Level  Hunger
a - Beastly Appendage     Tmut           #####.       9%          1    None
b - Regeneration          Chrm/Necr      ###.......   43%         3    ##.....
c - Spider Form           Tmut/Pois      ####......   24%         3    ##.....
d - Blade Hands           Tmut           #####.....   32%         5    #####..
e - Ice Form              Ice/Tmut       ###.....     54%         4    ####...


Dungeon Overview and Level Annotations

Branches:
Dungeon (13/15)            Temple (1/1) D:6            Lair (1/6) D:11
    Orc (0/2) D:10         Vaults (0/5) D:13

Altars:
Ashenzari
Dithmenos
Makhleb
Okawaru
Sif Muna
Vehumet

Shops:
D:4 [

Portals:
Trove: D:12 (give 11 potions of heal wounds)

Annotations:
D:13 exclusion: ice statue, kuzmorgo's ghost, journeyman DEWz
Lair:1 Grum


Innate Abilities, Weirdness & Mutations

You can breathe bolts of dispelling energy.
Your rich purple scales are hard. (AC +8)
You cannot fit into any form of body armour.
You are cold-blooded and may be slowed by cold attacks.
You have a pair of horns on your head.
You possess an exceptional clarity of mind.


Message History

The wolf bites you.
* * * LOW HITPOINT WARNING * * *
You barely miss the wolf.
Your tail-slap misses the wolf.
Your slash misses the wolf.
The wolf is lightly wounded.
The wolf barely misses you.
You slice the wolf!!
You kill the wolf!
Sif Muna accepts your kill.
The blink frog blinks!
The wolf bites you!
* * * LOW HITPOINT WARNING * * *
The blink frog blinks! x4; The wolf misses you.
Grum sniffs the air and quickly glances around.
Your transformation is almost over.
The blink frog blinks!
The blink frog barely misses you. The wolf misses you.
The blink frog hits you but does no damage.
The blink frog hits you!
You die...

#.# #.# ... #.# ..P
..# #.# #.# ..# #.#
#.#######...
#.#####..........#
##.##.#.<.PP......#
#...........#..h.#
##..####.P.#.# #g##
#PF@.# #.#.#.# #..##
#..h####.#.#.###....
##..###....ยง..##F.P.
#.Fh...#....g..F...
#.###h###....#.####
#.# ##g.....#....#
#.# ##.#.P.##...# #.
#....#.P##.... #.
.........# ....


You could see 2 blink frogs and 2 wolves.

Vanquished Creatures
  Frances (D:12)
  Harold (D:12)
  4 two-headed ogres
  Erica (D:8)
  An unseen horror (D:12)
  Pikel (D:4)
  3 deep elf magi
  A manticore (D:12)
  4 ugly things
  Psyche (D:11)
  A spiny frog (Lair:1)
  A komodo dragon (D:11)
  A merfolk (D:11)
  A hornet (shapeshifter) (D:12)
  A troll (D:10)
  Prince Ribbit (D:7)
  The ghost of Veteran the Conjurer, an amateur DgCj (D:4)
  2 hippogriffs
  A shadow (D:11)
  Sigmund (D:5)
  Eustachio (D:6)
  A wyvern (D:11)
  A human (D:11)
  13 yaks
  3 hungry ghosts
  A soldier ant (D:9)
  A water moccasin (D:7)
  An ice beast (D:8)
  4 orc warriors
  3 sky beasts (D:9)
  A black bear (D:8)
  2 necrophages (D:11)
  2 phantoms
  An eye of draining (D:11)
  2 wolves (Lair:1)
  3 ogres
  3 centaurs
  3 big kobolds
  Blork the orc (D:6)
  11 bullfrogs
  A wyvern skeleton (D:10)
  3 scorpions
  4 killer bees (D:7)
  A water moccasin skeleton (D:8)
  10 howler monkeys
  An oklob sapling (D:6)
  4 wights
  8 crimson imps
  A bullfrog zombie (D:8)
  2 centaur zombies (D:11)
  2 quasits
  4 orc priests
  3 hounds
  8 jellies
  10 orc wizards
  A centaur skeleton (D:4)
  4 iguanas
  Ijyb (D:2)
  Terence (D:1)
  13 worker ants
  2 killer bee zombies
  A hound zombie (D:5)
  2 hound skeletons
  A worker ant zombie (D:10)
  11 adders
  3 shadow imps (D:8)
  9 oozes (D:2)
  2 adder skeletons (D:7)
  5 worms
  4 dart slugs
  9 leopard geckos
  46 orcs
  A giant cockroach (D:3)
  5 goblins
  4 hobgoblins
  24 jackals
  2 quokkas
  8 bats
  8 frilled lizards
  A jackal skeleton (D:7)
  24 kobolds
  5 rats
  A plant (D:6)
347 creatures vanquished.

Vanquished Creatures (collateral kills)
  Menkaure (D:7)
  A killer bee (D:7)
  A jackal (D:1)
3 creatures vanquished.

Vanquished Creatures (others)
  A shadow (D:11)
  3 slaves (D:4)
  A hound zombie (D:11)
  A leopard gecko (D:11)
  An orc (D:4)
  A jackal (D:4)
  A plant (D:4)
  8 toadstools (D:2)
17 creatures vanquished.

Grand Total: 367 creatures vanquished

Notes
Turn   | Place    | Note
-------+----------+-------------------------------------------
     0 | D:1      | Gottschkopf the Draconian Transmuter began the quest for the Orb.
     0 | D:1      | Reached XP level 1. HP: 16/16 MP: 3/3
   238 | D:1      | Reached XP level 2. HP: 17/23 MP: 3/5
   739 | D:2      | Noticed Terence
   745 | D:1      | Learned a level 2 spell: Sticks to Snakes
   773 | D:1      | Killed Terence
   773 | D:1      | Reached XP level 3. HP: 22/28 MP: 1/6
   781 | D:1      | Learned a level 3 spell: Spider Form
   977 | D:2      | Reached skill level 1 in Poison Magic
  1102 | D:2      | Reached XP level 4. HP: 33/35 MP: 7/7
  1438 | D:2      | Reached XP level 5. HP: 19/40 MP: 6/8
  1875 | D:2      | Reached skill level 5 in Unarmed Combat
  1894 | D:2      | Gained mutation: Your flesh is heat resistant. (rF+) [potion of mutation]
  1894 | D:2      | Gained mutation: You possess an exceptional clarity of mind. [potion of mutation]
  2215 | D:3      | Reached XP level 6. HP: 31/47 MP: 2/9
  3268 | D:4      | Noticed Veteran's ghost (amateur DgCj)
  3273 | D:4      | Noticed Eustachio
  3275 | D:4      | Noticed Ijyb
  3737 | D:2      | Killed Ijyb
  4136 | D:4      | Noticed a slave
  4137 | D:4      | Noticed Pikel
  4140 | D:4      | Lost mutation: You possess an exceptional clarity of mind. [potion of mutation]
  4140 | D:4      | Lost mutation: Your flesh is heat resistant. (rF+) [potion of mutation]
  4140 | D:4      | Gained mutation: You have a pair of small horns on your head. [potion of mutation]
  4140 | D:4      | Gained mutation: You have a pair of horns on your head. [potion of mutation]
  4157 | D:4      | Noticed a slave
  4158 | D:4      | Killed Pikel
  4158 | D:4      | Your scales start taking on a rich purple colour.
  4158 | D:4      | Reached XP level 7. HP: 46/52 MP: 6/10
  4175 | D:4      | Found a deep blue altar of Sif Muna.
  4208 | D:4      | Reached XP level 8. HP: 32/59 MP: 6/11
  4359 | D:4      | Became a worshipper of Sif Muna the Loreminder
  4397 | D:4      | Killed Veteran's ghost
  4534 | D:4      | Found Idiv's Armour Boutique.
  4566 | D:4      | Reached skill level 10 in Unarmed Combat
  4572 | D:4      | Reached skill level 2 in Dodging
  4696 | D:5      | Entered Level 5 of the Dungeon
  4849 | D:5      | Reached skill level 3 in Dodging
  4857 | D:5      | Found a radiant altar of Vehumet.
  5064 | D:5      | Noticed Sigmund
  5080 | D:5      | Killed Sigmund
  5080 | D:5      | Reached skill level 4 in Dodging
  5128 | D:5      | You fall through a shaft for 3 floors!
  5143 | D:8      | Reached skill level 5 in Transmutations
  5143 | D:8      | Reached XP level 9. HP: 64/64 MP: 12/12
  5158 | D:7      | Reached * piety under Sif Muna
  5234 | D:6      | Reached skill level 5 in Dodging
  5271 | D:6      | Noticed Blork the orc
  5281 | D:6      | Killed Blork the orc
  5538 | D:6      | Found a staircase to the Ecumenical Temple.
  5573 | Temple   | Entered the Ecumenical Temple
  5622 | D:6      | Found a shadowy altar of Dithmenos.
  5739 | D:6      | Killed Eustachio
  6423 | D:7      | Reached skill level 6 in Dodging
  6719 | D:7      | Noticed Menkaure
  6734 | D:7      | HP: 2/68 [Menkaure (24)]
  6748 | D:7      | Killed Menkaure
  7226 | D:7      | Noticed Prince Ribbit
  7237 | D:7      | Killed Prince Ribbit
  7617 | D:8      | Noticed Erica
  7630 | D:8      | Killed Erica
  7630 | D:8      | Reached skill level 5 in Fighting
  7630 | D:8      | Reached skill level 7 in Dodging
  7630 | D:8      | Reached XP level 10. HP: 60/81 MP: 13/13
  7835 | D:8      | Noticed a two-headed ogre
  7862 | D:8      | Killed a two-headed ogre
  8505 | D:9      | Reached ** piety under Sif Muna
  8862 | D:9      | Learned a level 5 spell: Blade Hands
  8898 | D:9      | Learned a level 3 spell: Regeneration
  8975 | D:9      | Reached skill level 1 in Charms
  9027 | D:9      | Reached skill level 1 in Necromancy
  9036 | D:9      | Got a clouded tin ring
  9037 | D:9      | Identified the ring "Rualimuo" {Fire rElec SInv Stlth+} (You found it on level 9 of the Dungeon)
  9124 | D:9      | Noticed a two-headed ogre
  9129 | D:9      | Killed a two-headed ogre
  9269 | D:9      | Gained mutation: You possess an exceptional clarity of mind. [mutagenic meat]
  9351 | D:9      | Reached XP level 11. HP: 90/90 MP: 14/14
  9565 | D:10     | Entered Level 10 of the Dungeon
  9646 | D:10     | Reached skill level 8 in Dodging
  9731 | D:10     | Noticed a two-headed ogre
  9743 | D:10     | Killed a two-headed ogre
 10061 | D:10     | Found a staircase to the Orcish Mines.
 10870 | D:11     | Reached skill level 5 in Spellcasting
 10972 | D:11     | Noticed a brown ugly thing
 10974 | D:11     | Reached *** piety under Sif Muna
 10980 | D:11     | Killed a brown ugly thing
 10999 | D:11     | Noticed a deep elf mage
 11403 | D:11     | Noticed a white ugly thing
 11414 | D:11     | Killed a white ugly thing
 11835 | D:11     | Found a staircase to the Lair.
 11875 | D:11     | Killed a deep elf mage
 11875 | D:11     | Reached skill level 9 in Dodging
 12089 | D:11     | Noticed Psyche
 12095 | D:11     | Killed Psyche
 12487 | D:12     | Noticed a cyan ugly thing
 12502 | D:12     | Killed a cyan ugly thing
 12620 | D:12     | Learned a level 4 spell: Ice Form
 12668 | D:12     | Found a portal to a secret trove of treasure.
 12712 | D:12     | Noticed Harold
 12743 | D:12     | Killed Harold
 12743 | D:12     | Reached **** piety under Sif Muna
 12743 | D:12     | Reached skill level 10 in Dodging
 12758 | D:12     | Reached XP level 12. HP: 16/97 MP: 15/21
 13107 | D:12     | Noticed a two-headed ogre
 13113 | D:12     | Killed a two-headed ogre
 13312 | D:12     | Reached skill level 11 in Dodging
 13320 | D:12     | Noticed Frances
 13645 | D:12     | Killed Frances
 13645 | D:12     | Reached skill level 10 in Transmutations
 14171 | D:13     | Noticed a four-headed hydra
 14176 | D:13     | Noticed kuzmorgo's ghost (journeyman DEWz)
 14734 | D:13     | Found a gate to the Vaults.
 14734 | D:13     | Noticed a vault guard
 14734 | D:13     | Noticed a vault guard
 14734 | D:13     | Noticed a vault guard
 14734 | D:13     | Noticed a vault guard
 14791 | Lair:1   | Entered Level 1 of the Lair of Beasts
 14825 | Lair:1   | Noticed Grum
 14854 | Lair:1   | Mangled by a blink frog

Vault maps used:
D:1:      lemuel_arrival_funnel, hangedman_decor_growths
D:2:      cheibrodos_fertilizer, first_bread, uniq_terence
D:4:      cheibrodos_old_hovel, old_standard_altar, serial_shops,
          kennysheep_mini_moat, cheibrodos_sewer_entry_drain, uniq_pikel,
          uniq_ijyb, uniq_eustachio
D:5:      serial_park, serial_park_square3, serial_park_square1,
          serial_park_avenue1, serial_park_tiny_pond, serial_park_square3,
          kennysheep_generic_room_14, uniq_sigmund
D:6:      minmay_temple_entry_oklob, nicolae_dithmenos_the_darkroom,
          uniq_blork_the_orc
D:7:      uniq_menkaure, uniq_prince_ribbit1
D:8:      uniq_erica
D:10:     david_orc_2
D:11:     lair_entry_dummy, hangedman_stone_soup, nooodl_food_tri, uniq_psyche
D:12:     nicolae_trove_entry_diagonal, spider_trap,
          eino_small_chamber_without_monster, billiards_dpeg, uniq_harold,
          uniq_frances
D:13:     cheibrodos_frozen_isle, lightli_vaults_fourway_checkpoint,
          jmf_multi_god_temple
Temple:   nicolae_temple_the_god_donut
Lair:1:   uniq_grum

Skill      XL: |  1  2  3  4  5  6  7  8  9 10 11 12 |
---------------+-------------------------------------+-----
Unarmed Combat | 4 5 8 10 | 10.0
Poison Magic   | 1 2 |  2.1
Transmutations | 3 5 6 8 9 10 | 10.3
Dodging        | 4 7 10 11 | 11.6
Fighting       | 5 6 |  6.3
Charms         | 4 |  4.3
Necromancy     | 2 |  2.5
Spellcasting   | 6 |  6.6

Action                   |  1- 3 |  4- 6 |  7- 9 | 10-12 || total
-------------------------+-------+-------+-------+-------++-------
Melee: Unarmed           |    92 |   187 |   332 |   539 ||  1150
       Tailslap          |    10 |    25 |    25 |    50 ||   110
       Headbutt          |     1 |    17 |    26 |    56 ||   100
       Kick              |     8 |     6 |    54 |    44 ||   112
       Punch             |     1 |     2 |     9 |    13 ||    25
       Battleaxe         |       |   118 |       |       ||   118
 Cast: Beastly Appendage |    16 |    23 |    37 |    40 ||   116
       Sticks to Snakes  |     2 |       |     7 |       ||     9
       Spider Form       |       |    10 |    14 |     7 ||    31
       Blade Hands       |       |       |       |    28 ||    28
  Use: Scroll            |       |     8 |     4 |    11 ||    23
       Potion            |       |     5 |     2 |     1 ||     8
 Stab: Sleeping          |       |     2 |     1 |     5 ||     8
       Distracted        |       |       |       |     2 ||     2
  Eat: Chunk             |     1 |     9 |     7 |    28 ||    45
       Bread ration      |       |     1 |     2 |       ||     3
       Royal jelly       |       |       |     1 |       ||     1
       Meat ration       |       |       |       |     2 ||     2
Armor: Skin              |    35 |   130 |    66 |   101 ||   332
Dodge: Dodged            |    73 |   315 |   249 |   413 ||  1050

Table legend:
 A = Spawn XP
 B = Non-spawn XP
 C = Spawn XP percentage of total XP
 D = Spawn monster count
 E = Non-spawn monster count
 F = Spawn count percentage of total count
 G = Total turns spent on level
                    A         B        C        D         E        F      G
               +---------+---------+-------+---------+---------+-------+---------
         Total |       0 |   29812 |   0.0 |       0 |     349 |   0.0 | 14854
               +---------+---------+-------+---------+---------+-------+---------
           D:1 |       0 |      65 |   0.0 |       0 |      22 |   0.0 |   970
           D:2 |       0 |     313 |   0.0 |       0 |      40 |   0.0 |  1329
           D:3 |       0 |     240 |   0.0 |       0 |      32 |   0.0 |  1716
           D:4 |       0 |    1416 |   0.0 |       0 |      22 |   0.0 |   681
           D:5 |       0 |     697 |   0.0 |       0 |      25 |   0.0 |   432
           D:6 |       0 |     859 |   0.0 |       0 |      11 |   0.0 |  1042
           D:7 |       0 |    1166 |   0.0 |       0 |      15 |   0.0 |  1288
           D:8 |       0 |    3419 |   0.0 |       0 |      25 |   0.0 |   943
           D:9 |       0 |    2890 |   0.0 |       0 |      39 |   0.0 |  1154
          D:10 |       0 |    2054 |   0.0 |       0 |      32 |   0.0 |  1248
          D:11 |       0 |    5393 |   0.0 |       0 |      39 |   0.0 |  1546
          D:12 |       0 |   10687 |   0.0 |       0 |      44 |   0.0 |  2379
        Lair:1 |       0 |     613 |   0.0 |       0 |       3 |   0.0 |    63
               +---------+---------+-------+---------+---------+-------+---------
